 Dungeon Crawl Stone Soup version 0.25-a0-663-gace7076f2c (webtiles) character file.

Game seed: 15818774834768376346, levelgen mode: classic

25181 EnegeticOcto the Cruncher (level 12, -3/102 HPs)
             Began as a Mummy Gladiator on Mar 25, 2020.
             Was an Initiate of Gozag.
             Slain by an ettin
             ... wielding a +0 dire flail
              (27 damage)
             ... on level 1 of the Orcish Mines.
             The game lasted 00:30:24 (17306 turns).

EnegeticOcto the Cruncher (Mummy Gladiator)        Turns: 17306, Time: 00:30:25

Health: -3/102     AC: 25    Str: 21    XL:     12   Next: 87%
Magic:  17/17      EV:  9    Int:  8    God:    Gozag
Gold:   2648       SH:  3    Dex: 14    Spells: 11/11 levels left

rFire    + . .     SeeInvis +   a - +1 quarterstaff
rCold    + . .     Gourm    .   (shield currently unavailable)
rNeg     + + +     Faith    .   z - +2 chain mail {rF+}
rPois    ∞         Spirit   .   c - +1 helmet
rElec    +         Reflect  +   o - +0 cloak
rCorr    .         Harm     .   B - +1 pair of gloves
MR       ++...     NoTele   +   e - +2 pair of boots "Ketyihol" {-Tele rElec MR+ SInv}
Stlth    ..........             u - +3 amulet of reflection
HPRegen  0.27/turn              m - +4 ring of protection
MPRegen  0.15/turn              r - ring of protection from fire

@: no status effects
A: no food or potions, fire vulnerability, cold resistance 1, negative energy
resistance 3, torment resistance, unbreathing
a: Potion Petition, Call Merchant, Bribe Branch, Renounce Religion


You were on level 1 of the Orcish Mines.
You worshipped Gozag.
Gozag was most pleased with you.
You were not hungry.

You visited 4 branches of the dungeon, and saw 16 of its levels.
You also visited: Bailey.

You collected 3308 gold pieces.
You spent 318 gold pieces at shops.
You paid 342 gold pieces to Gozag.

Inventory:

Hand Weapons
 a - a +1 quarterstaff (weapon)
 P - a +2 dagger of distortion
Missiles
 b - 6 boomerangs (quivered)
 f - 6 javelins
 h - 36 poisoned darts
 x - a throwing net {!f}
Armour
 c - a +1 helmet (worn)
 e - the +2 pair of boots "Ketyihol" (worn) {-Tele rElec MR+ SInv}
   (You acquired it on level 1 of the Lair of Beasts)

   It insulates you from electricity.
   It affects your resistance to hostile enchantments.
   It lets you see invisible.
   It prevents most forms of teleportation.
 o - a +0 cloak (worn)
 z - a +2 chain mail of fire resistance (worn)
 B - a +1 pair of gloves (worn)
 F - the +1 crystal plate armour of Quock {Dex+2}
   (You took it off an orc warrior in a bailey)

   It affects your dexterity (+2).
 G - the +0 pair of gloves of the Four Continents {-Tele Str+5 SInv}
   (You found it in a bailey)

   It affects your strength (+5).
   It lets you see invisible.
   It prevents most forms of teleportation.
Jewellery
 j - a +5 ring of dexterity
 m - a +4 ring of protection (left hand)
 q - an uncursed ring of fire
 r - a ring of protection from fire (right hand)
 t - an uncursed ring of resist corrosion
 u - a +3 amulet of reflection (around neck)
Wands
 s - a wand of clouds (5)
 w - a wand of digging (11) {@v3}
 y - a wand of paralysis (6)
Scrolls
 k - 9 scrolls of identify {@r1}
 l - 3 scrolls of fog {!r}
 n - 2 scrolls of teleportation {@r3 !r}
 p - 3 scrolls of remove curse {@r2}
 v - 3 scrolls of enchant armour
 A - a scroll of torment
 C - 2 scrolls of enchant weapon
 D - a scroll of summoning
 E - a scroll of silence
 H - a scroll of fear {!r}


   Skills:
 - Level 12.0 Fighting
 + Level 12.1 Staves
 - Level 1.5 Throwing
 + Level 6.2 Armour
 - Level 2.4 Dodging
 + Level 7.5 Evocations


You had 11 spell levels left.
You didn't know any spells.
Your spell library was empty.

Dungeon Overview and Level Annotations

Branches:
Dungeon (13/15)            Temple (1/1) D:4            Lair (1/6) D:11
    Orc (1/2) D:11         Bailey (visited)
 Vaults: D:13-14

Altars:
Ashenzari
Cheibriados
Dithmenos
Elyvilon
Fedhas
Gozag
Hepliaklqana
Kikubaaqudgha
Makhleb
Nemelex Xobeh
Okawaru
Qazlal
Ru
Sif Muna
Trog
Uskayaw
Vehumet
Wu Jian
Xom
Yredelemnul
Zin
The Shining One

Shops:
D:5 (   D:7 %%   D:9 *   Orc:1 !=


Innate Abilities, Weirdness & Mutations

You do not eat or drink.
Your flesh is vulnerable to fire.
You are immune to poison.
Your flesh is cold resistant. (rC+)
You are immune to negative energy. (rN+++)
You are immune to unholy pain and torment.
You can survive without breathing.


Message History

An ettin is nearby!
An ettin is nearby!
An ettin is nearby!
Throwing (i - inventory. (/) - cycle)
b - 6 boomerangs (quivered)
Press: ? - help, Shift-Dir - straight line, f - ettin
Aim: an ettin, wielding two +0 dire flails You throw a boomerang.
The boomerang hits the ettin!
The ettin is lightly wounded.
Throwing (i - inventory. (/) - cycle)
b - 6 boomerangs (quivered)
Press: ? - help, Shift-Dir - straight line, f/p - ettin
Aim: an ettin, wielding two +0 dire flails (lightly wounded)
You throw a boomerang. The boomerang hits the ettin.
The ettin is lightly wounded.
Throwing (i - inventory. (/) - cycle)
b - 6 boomerangs (quivered)
Press: ? - help, Shift-Dir - straight line, f/p - ettin
Aim: an ettin, wielding two +0 dire flails (lightly wounded)
You throw a boomerang.
The boomerang hits the ettin but does no damage.
The ettin is lightly wounded.
Throwing (i - inventory. (/) - cycle)
i - a curare-tipped dart (quivered)
Press: ? - help, Shift-Dir - straight line, f/p - ettin
Aim: an ettin, wielding two +0 dire flails (lightly wounded)
You throw a curare-tipped dart. The curare-tipped dart hits the ettin.
The ettin is poisoned.
The ettin convulses.
The ettin seems to slow down.
The ettin is lightly wounded.
Throwing (i - inventory. (/) - cycle)
b - 6 boomerangs (quivered)
Press: ? - help, Shift-Dir - straight line, f/p - ettin
Aim: an ettin, wielding two +0 dire flails (moderately wounded, slow, poisoned)
You throw a boomerang.
The boomerang hits the ettin but does no damage.
The ettin is moderately wounded.
The ettin is no longer moving slowly.
Throwing (i - inventory. (/) - cycle)
b - 6 boomerangs (quivered)
Press: ? - help, Shift-Dir - straight line, f/p - ettin
Aim: an ettin, wielding two +0 dire flails (moderately wounded, poisoned)
You throw a boomerang.
The boomerang hits the ettin but does no damage.
The ettin is moderately wounded.
Throwing (i - inventory. (/) - cycle)
b - 6 boomerangs (quivered)
Press: ? - help, Shift-Dir - straight line, f/p - ettin
Aim: an ettin, wielding two +0 dire flails (moderately wounded, poisoned)
You throw a boomerang.
The boomerang hits the ettin but does no damage.
The ettin is moderately wounded.
Things that are here:
a +0 chain mail; a +0 scimitar You see here a +0 short sword.
Items here: ( )) [ a +0 chain mail; a +0 flail; a cursed -1 club; an arrow Throwing (i - inventory. (/) - cycle)
b - 6 boomerangs (quivered)
Press: ? - help, Shift-Dir - straight line, f/p - ettin
Aim: an ettin, wielding two +0 dire flails (moderately wounded, poisoned)
You throw a boomerang. The boomerang hits the ettin!
The ettin is moderately wounded.
The ettin hits you with a +0 dire flail.
The ettin hits you with a +0 dire flail!
You hit the ettin.
The ettin is moderately wounded.
The ettin looks more healthy.
The ettin hits you with a +0 dire flail!!
The ettin hits you but does no damage.
You hit the ettin but do no damage.
The ettin is moderately wounded.
Evoke which item? (* to show all) (? for menu, Esc to quit)
Aiming: Corrosive Bolt
Press: ? - help, Shift-Dir - straight line, f/p - ettin
Aim: an ettin, wielding two +0 dire flails (moderately wounded)
The bolt of acid hits the ettin!
The ettin is splashed with acid!
The ettin is severely wounded.
The ettin hits you with a +0 dire flail!!
The ettin hits you but does no damage.
Evoke which item? (* to show all) (? for menu, Esc to quit)
Aiming: Corrosive Bolt
Press: ? - help, Shift-Dir - straight line, f/p - ettin
Aim: an ettin, wielding two +0 dire flails (severely wounded)
The bolt of acid hits the ettin!
The ettin is splashed with acid.
The acid corrodes the ettin!
The ettin is almost dead.
The now-empty wand crumbles to dust.
The ettin hits you with a +0 dire flail.
The ettin hits you but does no damage.
Evoke which item? (* to show all) (? for menu, Esc to quit)
You don't have any such object.
Evoke which item? (* to show all) (? for menu, Esc to quit)
Okay, then.
Unknown command.
You hit the ettin.
The ettin is almost dead.
The ettin barely misses you.
The ettin hits you with a +0 dire flail!
* * * LOW HITPOINT WARNING * * *
Unknown command.
Evoke which item? (* to show all) (? for menu, Esc to quit)
Aiming: Paralyse
Press: ? - help, Shift-Dir - straight line, f/p - ettin
Aim: an ettin, wielding two +0 dire flails (almost dead, covered in acid, chance to defeat MR: 50%)
The ettin resists with some effort.
The ettin hits you with a +0 dire flail!!
You die...
Your body crumbles into a pile of gold.

..................#####.##..8.8##
..................#.#....#8......
..>....#.........#......###......
.................##.#.### #......
................#.#.#.## #......
..#...[...[.>..........# #......
......[.[.............### #.)...8
..............∩.........###......
#))...........#.@........##[.....
##<).....[.......C......###[.[...
##)..#..........#.....## ##).[##
##........#.........## #...).[
#.....#...##.∩....## ###[[...
##........##...[...####.#.).[.
#..........#)[)##....#..[)[...
##......#.....[#......#...[...
##......#.......#....####.....


You could see an ettin.

Vanquished Creatures
  2 orc warlords (Orc:1)
  Snorg (D:11)
  Harold (D:7)
  6 two-headed ogres
  Urug (D:11)
  An orc high priest (Orc:1)
  An unseen horror (D:11)
  A deep elf archer (Orc:1)
  An orc knight (Orc:1)
  An orc sorcerer (Orc:1)
  2 deep elf magi (Orc:1)
  A manticore (D:11)
  4 ugly things
  A spiny frog (Lair:1)
  Maggie (D:8)
  2 komodo dragons (Lair:1)
  3 trolls
  Prince Ribbit (D:8)
  4 hippogriffs
  A slime creature (D:13)
  11 yaks
  A spriggan (D:13)
  3 hungry ghosts
  A warg (Orc:1)
  5 porcupines
  2 water moccasins
  3 ice beasts
  11 orc warriors
  3 sky beasts
  2 black bears (D:11)
  2 necrophages
  12 ogres
  2 phantoms
  An eye of draining (D:9)
  4 centaurs
  2 crocodiles
  A big kobold (D:9)
  5 bullfrogs
  A wyvern zombie (D:12)
  4 scorpions
  9 wights
  3 crimson imps
  3 bullfrog zombies
  A gnoll shaman (D:9)
  7 orc priests
  2 bullfrog skeletons
  7 hounds
  15 orc wizards
  2 iguanas
  6 worker ants
  A howler monkey zombie (D:7)
  21 adders
  7 gnolls
  A howler monkey skeleton (D:5)
  3 adder skeletons
  An adder zombie (D:5)
  A worm (D:2)
  2 dart slugs
  5 leopard geckos
  67 orcs
  5 bats
  8 giant cockroaches
  12 hobgoblins
  6 jackals
  4 quokkas
  2 ball pythons (D:2)
  7 frilled lizards
  24 goblins
  12 kobolds
  2 leopard gecko skeletons
  6 rats
364 creatures vanquished.

Vanquished Creatures (others)
  22 fungi
  5 plants (D:11)
27 creatures vanquished.

Grand Total: 391 creatures vanquished

Notes
Turn   | Place    | Note
-------+----------+-------------------------------------------
     0 | D:1      | EnegeticOcto the Mummy Gladiator began the quest for the
                  | Orb.
     0 | D:1      | Reached XP level 1. HP: 16/16 MP: 1/1
   114 | D:1      | Reached XP level 2. HP: 22/23 MP: 2/2
   754 | D:2      | Reached XP level 3. HP: 26/30 MP: 3/3
   949 | D:2      | Noticed a bullfrog
   956 | D:2      | Killed a bullfrog
   956 | D:2      | Reached skill level 5 in Fighting
   956 | D:2      | Reached XP level 4. HP: 39/39 MP: 4/4
  1079 | D:2      | Reached XP level 5. HP: 41/44 MP: 5/5
  2222 | D:4      | Found a shattered altar of Ashenzari.
  2288 | D:4      | Found an opulent altar of Gozag.
  2299 | D:4      | Found a staircase to the Ecumenical Temple.
  2321 | D:4      | Reached XP level 6. HP: 41/52 MP: 6/6
  2436 | Temple   | Entered the Ecumenical Temple
  2577 | D:4      | Became a worshipper of Gozag Ym Sagoz the Greedy
  3183 | D:5      | Entered Level 5 of the Dungeon
  3256 | D:5      | Reached XP level 7. HP: 59/59 MP: 7/7
  3291 | D:5      | Found Fiyhiutsato's Weapon Shoppe.
  3421 | D:5      | Noticed a hippogriff
  3438 | D:5      | Killed a hippogriff
  4055 | D:5      | Reached skill level 1 in Evocations
  4104 | D:5      | Reached XP level 8. HP: 66/68 MP: 8/8
  4545 | D:6      | Reached skill level 5 in Staves
  5429 | D:6      | Found a sacrificial altar of Ru.
  5837 | D:7      | Found Wayhofes's Food Shop.
  5867 | D:7      | Noticed Harold
  5886 | D:7      | Killed Harold
  5886 | D:7      | Reached XP level 9. HP: 61/76 MP: 10/12
  6098 | D:7      | Found Elodeneh's Food Boutique.
  6333 | D:7      | Found a glowing silver altar of Zin.
  6333 | D:7      | Found an iron altar of Okawaru.
  6334 | D:7      | Found a radiant altar of Vehumet.
  6978 | D:8      | Noticed Prince Ribbit
  6984 | D:8      | Killed Prince Ribbit
  6984 | D:8      | Reached skill level 10 in Fighting
  7578 | D:8      | Noticed a two-headed ogre
  7650 | D:8      | Killed a two-headed ogre
  7650 | D:8      | Reached XP level 10. HP: 15/85 MP: 13/13
  8070 | D:8      | Noticed Maggie
  8090 | D:8      | Killed Maggie
  8440 | D:8      | Found a stormy altar of Qazlal.
  8570 | D:9      | Found a glowing golden altar of the Shining One.
  8794 | D:9      | Identified the +7 rapier of Regicide {antimagic, *Drain
                  | Str+7} (You found it on level 9 of the Dungeon)
  8800 | D:9      | Noticed a two-headed ogre
  8815 | D:9      | Noticed a two-headed ogre
  8829 | D:9      | Killed a two-headed ogre
  8831 | D:9      | Killed a two-headed ogre
  8831 | D:9      | Reached skill level 10 in Staves
  8922 | D:9      | Noticed a two-headed ogre
  8931 | D:9      | Killed a two-headed ogre
  9120 | D:9      | Found Olugro's General Store.
  9128 | D:9      | Bought a +2 chain mail of fire resistance for 236 gold
                  | pieces
  9128 | D:9      | Bought a scroll of torment for 82 gold pieces
  9446 | D:9      | Reached skill level 1 in Armour
  9498 | D:10     | Entered Level 10 of the Dungeon
  9551 | D:10     | Reached XP level 11. HP: 64/91 MP: 14/14
  9730 | D:10     | Identified the +5 ring mail of Hypes {rPois rF- Str+6} (You
                  | found it on level 10 of the Dungeon)
 10405 | D:11     | Noticed a red ugly thing
 10608 | D:11     | Found a staircase to the Lair.
 10843 | D:11     | Killed a red ugly thing
 11134 | D:11     | Reached skill level 5 in Evocations
 11419 | D:11     | Found a basalt altar of Yredelemnul.
 11460 | D:11     | Killed an unseen horror
 11815 | D:11     | You fall into a shaft and drop 2 floors!
 11840 | D:13     | Found a flagged portal.
 11859 | Bailey   | Entered a bailey
 12347 | Bailey   | Identified the +1 crystal plate armour of Quock {Dex+2}
 12563 | Bailey   | Got a pair of jewelled gloves
 12565 | Bailey   | Identified the cursed +0 pair of gloves of the Four
                  | Continents {-Tele Str+5 SInv} (You found it in a bailey)
 13081 | D:12     | Noticed a green ugly thing
 13094 | D:12     | Killed a green ugly thing
 13160 | D:12     | Noticed a two-headed ogre
 13171 | D:12     | Killed a two-headed ogre
 13313 | D:12     | Noticed a six-headed hydra
 13358 | D:11     | Found a staircase to the Orcish Mines.
 13685 | D:11     | Noticed a red ugly thing
 13697 | D:11     | Killed a red ugly thing
 13808 | D:11     | Noticed Snorg
 13821 | D:11     | Killed Snorg
 14037 | D:11     | Noticed a two-headed ogre
 14079 | D:11     | Killed a two-headed ogre
 14436 | D:11     | Noticed Urug
 14454 | D:11     | Killed Urug
 14454 | D:11     | Reached XP level 12. HP: 87/100 MP: 16/16
 14952 | Lair:1   | Entered Level 1 of the Lair of Beasts
 15605 | Lair:1   | Identified a scroll of acquirement
 15606 | Lair:1   | Identified the +2 pair of boots "Ketyihol" {-Tele rElec MR+
                  | SInv} (You acquired it on level 1 of the Lair of Beasts)
 15606 | Lair:1   | Identified the amulet "Poroidoll" {Acrobat rC+++ MP+9 Str-3
                  | Dex+4} (You acquired it on level 1 of the Lair of Beasts)
 15743 | Lair:1   | Reached skill level 5 in Armour
 15951 | Orc:1    | Entered Level 1 of the Orcish Mines
 16132 | Orc:1    | Found Zituv's Distillery.
 16139 | Orc:1    | Found Dekadgh's Jewellery Boutique.
 16336 | Orc:1    | Identified the +8 chain mail of the Ninety-Nine Runes
                  | {Dex+3 Stlth+}
 16467 | Orc:1    | Noticed an orc warlord
 16475 | Orc:1    | Noticed an orc warlord
 16484 | Orc:1    | Killed an orc warlord
 16517 | Orc:1    | Killed an orc warlord
 16901 | Orc:1    | Noticed an orc high priest
 16928 | Orc:1    | Killed an orc high priest
 17270 | Orc:1    | Noticed an ettin
 17306 | Orc:1    | Slain by an ettin

Levels and vault maps discovered:
D:1:      co_arrival_square_in_a_square_in_a_square, layout_loops_ring
D:2:      layout_loops_ring, first_ration, kennysheep_generic_room_2
D:3:      cheibrodos_greedy_goblins, layout_rooms
D:4:      layout_loops_ring, cheibrodos_ashenzari_chains,
          overflow_temple_1_default, minmay_temple_entry_wispy,
          serial_park_tiny_pond, chequers_serial_rivers_large_a
D:5:      layout_cave_pods, serial_shops, shop
D:6:      layout_basic, overflow_temple_1_default
D:7:      layout_loops_ring, gammafunk_temple_overflow_claw, serial_shops, shop,
          shop, uniq_harold
D:8:      layout_gridville, grunt_qazlal_clouds, uniq_prince_ribbit1,
          uniq_maggie
D:9:      layout_long_grid, basic_altar, serial_shops, shop
D:10:     layout_basic, dk_noncrumbling_3
D:11:     layout_stronghold, due_lair_maze_entry_diamond, orc_0_dummy,
          basic_altar, uniq_snorg, uniq_urug
D:12:     minmay_box_of_statues, layout_rooms, minivault_16,
          lightli_corner_chamber
D:13:     layout_irregular_city, david_vaults_4, enter_bailey_3,
          hangedman_stone_soup
Temple:   eino_temple_rhombus
Lair:1:   layout_cave_pods
Orc:1:    layout_caves, serial_shops, shop, shop,
          minmay_shop_enchanted_jewellery, elf_legates

Skill      XL: |  1  2  3  4  5  6  7  8  9 10 11 12 |
---------------+-------------------------------------+-----
Fighting       | 3 5 6 7 9 10 11 12 | 12.0
Staves         | 3 4 6 8 10 11 12 | 12.1
Evocations     | 1 4 6 7 |  7.5
Armour         | 1 4 6 |  6.2
Throwing       | |  1.5
Dodging        | |  2.4

Action                   |  1- 3 |  4- 6 |  7- 9 | 10-12 || total
-------------------------+-------+-------+-------+-------++-------
Melee: Quarterstaff      |    84 |   175 |   361 |   858 ||  1478
Throw: Dart              |     3 |     3 |    30 |    56 ||    92
       Javelin           |       |     3 |     8 |     9 ||    20
       Throwing net      |       |       |     1 |     3 ||     4
       Boomerang         |       |       |       |     7 ||     7
Invok: Potion Petition   |       |       |       |     2 ||     2
Evoke: Wand              |       |       |     2 |    20 ||    22
  Use: Scroll            |       |     7 |     4 |    14 ||    25
 Stab: Sleeping          |       |       |       |     3 ||     3
       Confused          |       |       |       |     1 ||     1
       Distracted        |       |       |       |     4 ||     4
       Paralysed         |       |       |       |     6 ||     6
Armor: Scale mail        |    67 |    75 |   186 |     6 ||   334
       Swamp dragon scal |       |       |       |    29 ||    29
       Chain mail        |       |       |       |   398 ||   398
Dodge: Dodged            |    58 |    92 |   181 |   317 ||   648
Block: Other             |       |       |       |    81 ||    81
       Reflection        |       |       |       |     2 ||     2

Table legend:
 A = Non-vault XP
 B = Vault XP
 C = Vault XP percentage of total XP
 D = Non-vault monster count
 E = Vault monster count
 F = Vault count percentage of total count
                 A         B        C        D         E       F
            +---------+---------+-------+---------+---------+-------
      Total |   21775 |   14198 |  39.5 |     297 |      67 |  18.4
            +---------+---------+-------+---------+---------+-------
        D:1 |      35 |       0 |   0.0 |      23 |       0 |   0.0
        D:2 |     204 |       0 |   0.0 |      25 |       0 |   0.0
        D:3 |      74 |      22 |  22.9 |      20 |      11 |  35.5
        D:4 |     358 |       0 |   0.0 |      19 |       0 |   0.0
        D:5 |     921 |       0 |   0.0 |      27 |       0 |   0.0
        D:6 |     557 |       0 |   0.0 |      15 |       0 |   0.0
        D:7 |     535 |    1002 |  65.2 |      17 |       1 |   5.6
        D:8 |    2651 |     686 |  20.6 |      28 |       2 |   6.7
        D:9 |    3152 |       0 |   0.0 |      21 |       0 |   0.0
       D:10 |    1375 |       0 |   0.0 |      17 |       0 |   0.0
       D:11 |    5932 |    3533 |  37.3 |      41 |      13 |  24.1
       D:12 |    1549 |       0 |   0.0 |       3 |       0 |   0.0
       D:13 |     253 |     361 |  58.8 |       1 |       8 |  88.9
     Lair:1 |    2859 |       0 |   0.0 |      13 |       0 |   0.0
      Orc:1 |    1320 |    7882 |  85.7 |      27 |      13 |  32.5
     Bailey |       0 |     712 | 100.0 |       0 |      19 | 100.0
            +---------+---------+-------+---------+---------+-------
